 Dungeon Crawl Stone Soup version 0.19.5 (webtiles) character file.

91 Bacchus the Chiller (level 4, -11/30 HPs)
             Began as a Demonspawn Ice Elementalist on Sept 19, 2017.
             Mangled by Crazy Yiuf
             ... wielding a +2 quarterstaff of chaos
              (17 damage)
             ... while paralysed by Crazy Yiuf
             ... on level 2 of the Dungeon.
             The game lasted 00:08:06 (2315 turns).

Bacchus the Chiller (Demonspawn Ice Elementalist)   Turns: 2315, Time: 00:08:07

Health: -11/30     AC:  2    Str:  8 (9)  XL:     4   Next: 33%
Magic:  6/7        EV:  2    Int: 16 (17) God:
Gold:   85         SH:  0    Dex: 13      Spells: 1 memorised, 6 levels left

rFire  . . .     SeeInvis .     b - +0 hunting sling
rCold  . . .     Gourm    .     d - +0 robe
rNeg   . . .     Faith    .     (no shield)
rPois  .         Spirit   .     (helmet restricted)
rElec  .         Reflect  .     (no cloak)
rCorr  .         Harm     .     (no gloves)
MR     .....                    (no boots)
Stlth  ++........               (no amulet)
                                (no ring)
                                (no ring)

@: paralysed
A: antennae 1, repulsion field 1, powered by death 1
a: no special abilities


You were on level 2 of the Dungeon.
You were not hungry.

You visited 1 branch of the dungeon, and saw 2 of its levels.

You collected 85 gold pieces.

Inventory:

Hand Weapons
 a - a +0 dagger
   (You found it on level 1 of the Dungeon)
 b - a +0 hunting sling (weapon)
   (You took it off a goblin on level 2 of the Dungeon)
Missiles
 k - 69 stones (quivered)
Armour
 d - a +0 robe (worn)
Scrolls
 e - a scroll of noise {unknown}
 g - a scroll of enchant weapon {unknown}
 h - a scroll of blinking {unknown}
 j - a scroll of immolation {unknown}
 l - 2 scrolls of identify {unknown}
 m - a scroll of remove curse {unknown}
 p - a scroll of fog {unknown}
Books
 n - a book of Frost
Comestibles
 c - 3 bread rations {@e1}
 f - a meat ration {@e2}
 i - 5 chunks of flesh {@w0}


   Skills:
 - Level 1.7 Dodging
 - Level 1.7 Stealth
 - Level 2.0 Spellcasting
   Level 1.0 Conjurations
 + Level 4.7 Ice Magic


You had 6 spell levels left.
You knew the following spells:

 Your Spells              Type           Power        Failure   Level  Hunger
a - Freeze                Ice            ###.         3%          1    #......


Dungeon Overview and Level Annotations

Branches:
Dungeon (2/15)

Altars:
Okawaru

Annotations:
D:2 Crazy Yiuf


Innate Abilities, Weirdness & Mutations

You have a pair of small antennae on your head.
You are surrounded by a mild repulsion field. (EV +2)
You regenerate a little health from kills.


Message History

A kobold comes into view. It is wielding an enchanted dagger.
Aim: a kobold, wielding an enchanted dagger (hasn't noticed you)
You shoot a stone. The stone closely misses the kobold.
The kobold shouts!
MP restored: 6
Aim: a kobold, wielding an enchanted dagger You shoot a stone.
The stone hits the kobold.
You kill the kobold!
You have reached level 4!
You feel stronger.
Your demonic ancestry asserts itself...
A pair of antennae grows on your head!
Health restored: 30; MP restored: 7 There isn't anything here!
There are no items here.
k - 62 stones (gained 1)
Things that are here:
a dagger; a goblin corpse Unknown command.
You butcher the goblin corpse.
i - 3 chunks of flesh {@w0} (gained 2)
Things that are here:
a dagger; a goblin skeleton You now have 85 gold pieces (gained 15).
l - 2 scrolls labeled AGUWYJ ESHROT (gained 1)
k - 63 stones (gained 1)
k - 64 stones (gained 1)
k - 65 stones (gained 1)
k - 71 stones (gained 6)
Things that are here:
an enchanted dagger; a kobold corpse Ijyb the Twisted Goblin comes into view.
Aim: Ijyb, wearing a ring mail (resting)
You shoot a stone. The stone hits Ijyb.
Aim: Ijyb, wearing a ring mail (lightly wounded)
You shoot a stone. The stone hits Ijyb but does no damage.
Aim: Ijyb, wearing a ring mail (lightly wounded)
You shoot a stone. The stone barely misses Ijyb.
Aim: Ijyb, wearing a ring mail (lightly wounded)
You shoot a stone. The stone closely misses Ijyb.
Aim: Ijyb, wearing a ring mail (lightly wounded)
You shoot a stone. The stone hits Ijyb but does no damage.
Aim: Ijyb, wearing a ring mail (lightly wounded)
You freeze Ijyb. Ijyb hits you but does no damage.
You now have 6/7 mp.
Aim: Ijyb, wearing a ring mail (lightly wounded)
You freeze Ijyb. Ijyb closely misses you.
You now have 5/7 mp.
Aim: Ijyb, wearing a ring mail (moderately wounded)
You freeze Ijyb. Ijyb hits you.
You take 2 damage, and have 28/30 hp.
You now have 4/7 mp.
Aim: Ijyb, wearing a ring mail (severely wounded)
You freeze Ijyb. Ijyb closely misses you.
You now have 3/7 mp.
Aim: Ijyb, wearing a ring mail (almost dead)
You freeze Ijyb.
You kill Ijyb!
You feel your dexterity returning.
You now have 2/7 mp.
Things that are here:
a ring mail; the goblin corpse of Ijyb You butcher the goblin corpse of Ijyb.
i - 6 chunks of flesh {@w0} (gained 3)
You see here a ring mail.
k - 67 stones (gained 1)
k - 70 stones (gained 3)
k - 71 stones (gained 1)
You see here a ring mail.
You see here a dagger.
Some of the chunks of flesh in your inventory have rotted away.
There is a stone staircase leading up here.
Things that are here:
a leather armour; a whip; a club
There is an open door here.
There is an open door here.
Things that are here:
a leather armour; a whip; a club You see here an uncursed ring of fire {rF+, rC-}.
You see here a ring mail.
Health restored: 30; MP restored: 7 You open the door.
Crazy Yiuf the Enlightened comes into view.
He is wielding a quarterstaff of chaos.
Crazy Yiuf shouts!
Aim: Crazy Yiuf, wielding a quarterstaff of chaos and wearing a cloak You shoot a stone.
The stone closely misses Crazy Yiuf.
Aim: Crazy Yiuf, wielding a quarterstaff of chaos and wearing a cloak You shoot a stone.
The stone hits Crazy Yiuf but does no damage.
Crazy Yiuf yells, "You return to song tea!"
Aim: Crazy Yiuf, wielding a quarterstaff of chaos and wearing a cloak You freeze Crazy Yiuf.
Crazy Yiuf hits you with a quarterstaff of chaos!
You suddenly lose the ability to move!
Crazy Yiuf barely misses you.
Crazy Yiuf hits you with a quarterstaff of chaos.
Crazy Yiuf freezes you.
Crazy Yiuf hits you with a quarterstaff of chaos!
* * * LOW HITPOINT WARNING * * *
You are electrocuted!
Ouch! That really hurt!
You die...

#..)###.)....)...#
#.#...#..........#######
#.###............[.....##
#.# ##################..#
#.# ##.# #.# #.# #.#####
### ♣♣###.# #.##..#
#)..#♣♣ ♣♣.....#
###.#..##
#(.(g@♣♣♣♣......#
##.....###
#...#♣..♣.PP...##
#........# ###
♣♣♣.♣.P..## #.....####
♣♣♣♣♣### .........#
#...=.######## ##....#
##...# ##....# #....#
......###....#


You could see Crazy Yiuf.

Vanquished Creatures
  Ijyb (D:2)
  2 adders (D:2)
  A dart slug (D:1)
  3 leopard geckos
  A giant cockroach (D:2)
  9 goblins
  5 hobgoblins
  5 kobolds (D:2)
  7 bats
  2 frilled lizards
  8 rats
44 creatures vanquished.

Notes
Turn   | Place    | Note
-------+----------+-------------------------------------------
     0 | D:1      | Bacchus the Demonspawn Ice Elementalist began the quest for the Orb.
     0 | D:1      | Reached XP level 1. HP: 13/13 MP: 3/3
   326 | D:1      | Reached skill level 3 in Ice Magic
   597 | D:1      | Gained mutation: You are surrounded by a mild repulsion field. (EV +2) [demonic ancestry]
   597 | D:1      | Reached XP level 2. HP: 11/19 MP: 0/5
  1129 | D:2      | Gained mutation: You regenerate a little health from kills. [demonic ancestry]
  1129 | D:2      | Reached XP level 3. HP: 19/24 MP: 2/6
  1415 | D:2      | Reached skill level 4 in Ice Magic
  1658 | D:2      | Found an iron altar of Okawaru.
  1672 | D:2      | HP: 6/24 [leopard gecko (2)]
  2092 | D:2      | Gained mutation: You have a pair of small antennae on your head. [demonic ancestry]
  2092 | D:2      | Reached XP level 4. HP: 30/30 MP: 7/7
  2113 | D:2      | Noticed Ijyb
  2123 | D:2      | Killed Ijyb
  2147 | D:2      | Found a runed door.
  2309 | D:2      | Noticed Crazy Yiuf
  2312 | D:2      | Paralysed by Crazy Yiuf for 6 turns
  2315 | D:2      | HP: 6/30 [Crazy Yiuf/quarterstaff of chaos (12)]
  2315 | D:2      | Mangled by Crazy Yiuf

Skill      XL: |  1  2  3 |
---------------+----------+-----
Ice Magic      | 3 4 |  4.7
Dodging        | |  1.7
Stealth        | |  1.7
Spellcasting   | |  2.0
Conjurations   | |  1.0

Action                   |  1- 3 |  4- 6 || total
-------------------------+-------+-------++-------
Melee: Dagger            |    19 |       ||    19
 Fire: Hunting sling     |    10 |     7 ||    17
Throw: Stone             |    40 |       ||    40
 Cast: Freeze            |    59 |     6 ||    65
  Use: Potion            |     2 |       ||     2
 Stab: Sleeping          |     1 |       ||     1
  Eat: Chunk             |     5 |       ||     5
Armor: Robe              |    10 |     1 ||    11
Dodge: Dodged            |    50 |     3 ||    53

Vault maps used:
D:1:      nicolae_arrival_somewhat_less_tricky_arrival
D:2:      first_bread, kennysheep_minor_cross, okawaru_gym_becter,
          uniq_crazy_yiuf_cottage, uniq_iyjb

Table legend:
 A = Turns spent in this place as a percentage of turns spent in the entire game.
 B = Non-inter-level travel turns spent in this place as a percentage of non-inter-level travel turns spent in the entire game.
 C = Inter-level travel turns spent in this place as a percentage of turns spent in this place.
 D = Turns resting spent in this place as a percentage of non-inter-level travel turns spent in this place.
 E = Turns spent auto-exploring this place as a percentage of non-inter-level travel turns spent in this place.
 F = Non-inter-level travel turns spent in this place divided by the number of levels of this place that you've seen.
                   A       B       C       D       E      F
               +-------+-------+-------+-------+-------+----------------------
         Total | 100.0 | 100.0 |   0.9 |   6.0 |   9.5 | 226.0
       Dungeon | 100.0 | 100.0 |   0.9 |   6.0 |   9.5 | 226.0
               +-------+-------+-------+-------+-------+----------------------

Table legend:
 A = Kills in this place as a percentage of kills in entire the game.
 B = Kills by you in this place as a percentage of kills by you in the entire game.
 C = Kills by friends in this place as a percentage of kills by friends in the entire game.
 D = Other kills in this place as a percentage of other kills in the entire game.
 E = Experience gained in this place as a percentage of experience gained in the entire game.
 F = Experience gained in this place divided by the number of levels of this place that you have seen.
                   A       B       C       D       E      F
               +-------+-------+-------+-------+-------+----------------------
         Total | 100.0 | 100.0 |  -nan |  -nan | 100.0 |  65.0
       Dungeon | 100.0 | 100.0 |  -nan |  -nan | 100.0 |  65.0
               +-------+-------+-------+-------+-------+----------------------
